 Dungeon Crawl Stone Soup version 0.30.1-3-gfc49f6343a (webtiles) character file.

Game seed: 16883254346231906748

119 spardeous the Digger (level 4, -1/32 (33) HPs)
             Began as a Demigod Earth Elementalist on July 24, 2023.
             Killed from afar by a white imp (11 damage)
             ... with a puff of frost
             ... summoned by Eustachio
             ... on level 4 of the Dungeon.
             The game lasted 00:02:26 (2600 turns).

spardeous the Digger (Demigod Earth Elementalist)   Turns: 2600, Time: 00:02:28

HP:   -1/32 (33)    AC:  5    Str:  9    XL:     4   Next: 46%
MP:   1/9           EV: 11    Int: 21    God:
Gold: 167           SH:  0    Dex: 14    Spells: 6/7 levels left

rFire   + . .        (no weapon)
rCold   . . .        (no shield)
rNeg    . . .        g - +0 leather armour
rPois   .            (no helmet)
rElec   .            o - +0 cloak
rCorr   .            f - +0 pair of gloves
SInv    .            (no boots)
Will    .....        r - amulet "Enaa" {Acrobat rF+ Stlth+}
Stlth   +++          (no ring)
HPRegen 0.25/turn    (no ring)
MPRegen 0.11/turn

%: acrobat
@: lightly drained
A: high MP 1, forlorn, divine attributes
a: no special abilities


You were on level 4 of the Dungeon.
You visited 1 branch of the dungeon, and saw 4 of its levels.

You collected 167 gold pieces.

Inventory:

Missiles
 d - a throwing net
Armour
 a - a +0 robe
 f - a +0 pair of gloves (worn)
 g - a +0 leather armour (worn)
 o - a +0 cloak (worn)
Magical Staves
 p - a staff of cold
Jewellery
 r - the amulet "Enaa" (around neck) {Acrobat rF+ Stlth+}
   (You found it on level 3 of the Dungeon)

   [amulet of the acrobat]

   It increases your evasion while moving and waiting.
   rF:        It protects you from fire.
   Stlth:     It makes you more stealthy.
Wands
 u - a wand of flame (17)
Scrolls
 e - 3 scrolls of teleportation {unknown}
 h - 3 scrolls of fog {unknown}
 j - a scroll of silence {unknown}
 m - 2 scrolls of vulnerability {unknown}
 q - a scroll of blinking {unknown}
 s - a scroll of magic mapping {unknown}
 t - a scroll of butterflies {unknown}
 v - a scroll of amnesia {unknown}
Potions
 b - a potion of magic
 c - a potion of attraction {unknown}
 i - a potion of ambrosia {unknown}
 k - a potion of curing {unknown}
 l - a potion of lignification {unknown}
 n - a potion of haste


   Skills:
 - Level 1.7 Dodging
 - Level 1.7 Stealth
 + Level 2.1 Spellcasting
 - Level 0.8 Transmutations
 + Level 4.9 Earth Magic


You had 6 spell levels left.
You knew the following spells:

 Your Spells              Type           Power      Damage    Failure   Level
a - Sandblast             Erth           44%        2d11      2%          1

Your spell library contained the following spells:

 Spells                   Type           Power      Damage    Failure   Level
 Passwall                 Tmut/Erth      11%        N/A       10%         2
 Foxfire                  Conj/Fire      8%         2x1d4     21%         1
 Stone Arrow              Conj/Erth      24%        3d8       22%         3
 Frozen Ramparts          Ice            4%         1d1       52%         3
 Petrify                  Tmut/Erth      14%        N/A       54%         4
 Ice Form                 Ice/Tmut       4%         N/A       86%         4
 Summon Ice Beast         Ice/Summ       2%         N/A       90%         4
 Borgnjor's Vile Clutch   Necr/Erth      6%         N/A       91%         5
 Alistair's Intoxication  Tmut/Pois      2%         N/A       99%         5
 Fireball                 Conj/Fire      1%         3d3       99%         5
 Summon Forest            Summ/Tloc      1%         N/A       99%         5
 Eringya's Noxious Bog    Tmut/Pois      2%         N/A       100%        6
 Plasma Beam              Fire/Air       1%         2x1d12    100%        6
 Starburst                Conj/Fire      1%         6d3       100%        6
 Summon Hydra             Summ           1%         N/A       100%        7


Dungeon Overview and Level Annotations

Branches:
Dungeon (4/15)
 Temple: D:4-7

Shops:
D:4 ?

Annotations:
D:4 Eustachio


Innate Abilities, Weirdness & Mutations

You have an increased reservoir of magic. (+10% MP)
You shall have no god before yourself.
Your divine heritage dramatically boosts your attributes as you level up.


Message History

Aiming: Sandblast (safe; 2% risk of failure)
Press: ? - help, Shift-Dir - straight line, f/p - Eustachio
Aim: Eustachio, wielding a +2 rapier of draining, wearing a +0 leather armour and carrying a wand of flame (12) (moderately wounded, fast, 76% to hit)
The blast of sand hits Eustachio.
Eustachio is heavily wounded.
Eustachio hits you with a +2 rapier of draining!
You feel drained.
The quokka bites you but does no damage.
Eustachio gestures wildly while chanting.
You take 11 damage, and have 19/32 hp.
MASSIVE DAMAGE!!
You now have 3/9 mp.
There are monsters nearby!
Casting: Sandblast (safe; 2% risk of failure)
Confirm with . or Enter, or press ? or * to list all spells.
Aiming: Sandblast (safe; 2% risk of failure)
Press: ? - help, Shift-Dir - straight line, f/p - Eustachio
Aim: Eustachio, wielding a +2 rapier of draining, wearing a +0 leather armour and carrying a wand of flame (12) (heavily wounded, fast, 76% to hit)
The blast of sand hits Eustachio.
Eustachio is severely wounded.
Eustachio closely misses you. The quokka misses you.
Eustachio yells, "Perjured traitor, DIE!"
Eustachio barely misses you. The white imp gestures at you.
The puff of frost hits you!
* * * LOW HITPOINT WARNING * * *
The quokka bites you but does no damage.
Casting: Sandblast (safe; 2% risk of failure)
Confirm with . or Enter, or press ? or * to list all spells.
Aiming: Sandblast (safe; 2% risk of failure)
Press: ? - help, Shift-Dir - straight line, f/p - Eustachio
Aim: Eustachio, wielding a +2 rapier of draining, wearing a +0 leather armour and carrying a wand of flame (12) (severely wounded, fast, 76% to hit)
The blast of sand hits Eustachio.
Eustachio is severely wounded.
Eustachio mumbles some strange words.
The quokka bites you.
* * * LOW HITPOINT WARNING * * *
Eustachio gestures wildly while chanting.
Eustachio blinks!
The white imp gestures at you. The puff of frost hits you!
You die...

######### . #.......#
#.##...?...# ####
...........# #...
#.@....>.# #.##
#........# #.#
##....@r..# #.#
+.....§.r.# #######'##
##....r...####.........
#......5....'......... ..
##.##########.........
..###. ######.........
.......####..............
#.........#........†.....
.....###.#..............


You could see Eustachio (fast), a river rat (summoned), a white imp (summoned)
and 2 quokkas.

Vanquished Creatures
  2 hounds (D:4)
  2 dart slugs
  An orc (D:4)
  5 ball pythons
  4 endoplasms
  2 giant cockroaches
  10 goblins
  4 hobgoblins
  5 kobolds
  4 quokkas
  5 bats
  2 frilled lizards
  5 rats
51 creatures vanquished.

Notes
Turn   | Place    | Note
-------+----------+-------------------------------------------
     0 | D:1      | spardeous the Demigod Earth Elementalist began the quest
                  | for the Orb.
     0 | D:1      | Reached XP level 1. HP: 14/14 MP: 5/5
   173 | D:1      | Reached skill level 3 in Earth Magic
   442 | D:1      | Reached XP level 2. HP: 20/20 MP: 5/7
  1088 | D:2      | Reached XP level 3. HP: 26/26 MP: 6/8
  1133 | D:2      | Reached skill level 4 in Earth Magic
  1705 | D:3      | Identified the amulet "Enaa" {Acrobat rF+ Stlth+}
  2392 | D:4      | Found Vuvvip's Magic Scroll Emporium.
  2403 | D:4      | Reached XP level 4. HP: 33/33 MP: 6/9
  2588 | D:4      | Noticed Eustachio
  2600 | D:4      | Killed from afar by a white imp

Illustrated notes

Levels and vault maps discovered:
D:1:      wheals_arrival_shading, layout_basic
D:2:      layout_rooms, chequers_serial_rivers_room_b
D:3:      layout_loops_corners, yredelemnul_altar_generic
D:4:      layout_basic, kennysheep_mini_moat, serial_shops, shop, shop_statue,
          shop, shop, minmay_ruined_shrine, uniq_eustachio, uniq_natasha

Skill      XL: |  1  2  3  4 |
---------------+-------------+-----
Earth Magic    | 3 4 |  4.9
Spellcasting   | 2 |  2.1
Dodging        | |  1.7
Stealth        | |  1.7
Transmutations | |  0.8

Action                     |  1- 3 |  4- 6 || total
---------------------------+-------+-------++-------
  Melee: Unarmed           |     6 |       ||     6
   Cast: Sandblast         |    61 |    14 ||    75
 Armour: Leather armour    |    10 |     4 ||    14
  Dodge: Dodged            |    18 |     4 ||    22
